 Dungeon Crawl Stone Soup version 0.28.0-43-g3370ac3207 (webtiles) character file.

Game seed: 5644587864569252989

97838 raph the Devastator (level 15, -3/129 (132) HPs)
             Began as a Black Draconian Conjurer on Mar 5, 2022.
             Was an Elder of Vehumet.
             Slain by a profane servitor
             ... wielding a +3 demon whip of venom
              (19 damage)
             ... on level 3 of the Abyss.
             The game lasted 01:22:21 (45656 turns).

raph the Devastator (Black Draconian Conjurer)     Turns: 45656, Time: 01:22:22

HP:   -3/129 (132)  AC: 23    Str: 10 (11) XL:     15   Next: 73%
MP:   21/29         EV: 13    Int: 27 (29) God:    Vehumet [****..]
Gold: 902           SH:  0    Dex:  4 (7)  Spells: 4/35 levels left

rFire   + + +      SeeInvis .   a - +10 war axe of Diapon {speed, rElec}
rCold   + . .      Faith    .   (no shield)
rNeg    + . .      Spirit   .   (armour unavailable)
rPois   +          Reflect  .   y - +2 hat
rElec   +          Harm     .   R - +1 cloak "Obauzo" {rF+}
rCorr   +          Rampage  .   w - +2 pair of gloves
Will    +....      Rage     3%  T - +2 pair of boots
Stlth   +++.......              h - amulet of the acrobat
HPRegen 0.31/turn               l - +4 ring of protection
MPRegen 0.21/turn               z - ring "Tonubi Touhe" {rF+ rN+ Int+4 Dex-2}

@: mighty, resistant, flying, wreathed by umbra, lightly drained, invisible,
unable to read
A: breathe lightning, AC +9, unfitting armour, big wings, electricity
resistance, cold-blooded, no potion heal 1, subdued magic 1, inability to read
while threatened, [berserk 2], [deterioration 2], [screaming 2]
a: Breathe Lightning, Renounce Religion


You were on level 3 of the Abyss.
You worshipped Vehumet.
Vehumet was greatly pleased with you.
You visited 4 branches of the dungeon, and saw 24 of its levels.
You visited the Abyss 1 time.
You also visited: Ice Cave.

You collected 2509 gold pieces.
You spent 1607 gold pieces at shops.

Inventory:

Hand Weapons
 a - the +10 war axe of Diapon (weapon) {speed, rElec}
   (You found it on level 3 of the Dungeon)

   Attacks with this weapon are significantly faster.
   rElec:     It insulates you from electricity.
Missiles
 c - 50 poisoned darts
Armour
 w - a +2 pair of gloves (worn)
 y - a +2 hat (worn)
 R - the +1 cloak "Obauzo" (worn) {rF+}
   (You bought it in a shop on level 2 of the Orcish Mines)

   rF:        It protects you from fire.
 S - a +1 pair of boots of rampaging
 T - a +2 pair of boots (worn)
Magical Staves
 b - a staff of conjuration
 P - a staff of fire
Jewellery
 e - a ring of fire
 h - an amulet of the acrobat (around neck)
 l - a +4 ring of protection (left hand)
 p - a ring of protection from fire
 v - a ring of see invisible
 z - the ring "Tonubi Touhe" (right hand) {rF+ rN+ Int+4 Dex-2}
   (You found it on level 9 of the Dungeon)

   [ring of protection from fire]

   Int:       It affects your intelligence (+4).
   Dex:       It affects your dexterity (-2).
   rF:        It protects you from fire.
   rN:        It protects you from negative energy.
 A - an amulet of guardian spirit
 F - a +6 ring of strength
 O - a ring of magical power
 W - a ring of poison resistance
Wands
 m - a wand of charming (6)
 r - a wand of acid (16)
 C - a wand of paralysis (8)
 D - a wand of iceblast (14)
 L - a wand of flame (31)
 M - a wand of digging (11)
Scrolls
 i - a scroll of teleportation
 s - 2 scrolls of silence
 x - 2 scrolls of magic mapping
 B - 5 scrolls of blinking
 J - 2 scrolls of enchant weapon
 Q - a scroll of fear
 U - 3 scrolls of fog
 X - a scroll of brand weapon
 Y - a scroll of amnesia
Potions
 d - a potion of magic
 f - 4 potions of attraction
 g - 7 potions of curing
 j - 2 potions of berserk rage
 k - 7 potions of lignification
 n - 2 potions of invisibility
 o - 2 potions of heal wounds
 q - 2 potions of flight
 t - 3 potions of brilliance
 u - 3 potions of cancellation
 E - 4 potions of haste
 G - 4 potions of mutation
 K - a potion of might


   Skills:
 + Level 12.1 Fighting
 * Level 3.7 Axes
 + Level 10.3 Dodging
 - Level 8.3 Stealth
 + Level 10.7 Spellcasting
 + Level 15.7 Conjurations
 - Level 9.2 Fire Magic
 + Level 5.4 Air Magic
 - Level 7.4 Poison Magic


You had 4 spell levels left.
You knew the following spells:

 Your Spells              Type           Power      Damage    Failure   Level
a - Magic Dart            Conj           100%       1d8       0%          1
b - Searing Ray           Conj           100%       2d8       0%          2
d - Fireball              Conj/Fire      29%        3d13      1%          5
e - Orb of Destruction    Conj           33%        9d10      1%          7
f - Olgreb's Toxic Radia  Pois           41%        N/A       1%          4
g - Iskenderun's Mystic   Conj/Tloc      43%        2d10      1%          4
h - Sticky Flame          Conj/Fire      58%        2d7       1%          4
i - Airstrike             Air            16%        N/A       1%          4

Your spell library contained the following spells:

 Spells                   Type           Power      Damage    Failure   Level
 Freeze                   Ice            44%        1d6       1%          1
 Sting                    Tmut/Pois      100%       1d8       1%          1
 Poisonous Vapours        Pois/Air       74%        N/A       1%          2
 Static Discharge         Conj/Air       53%        N/A       1%          2
 Dazzling Flash           Conj/Hex       86%        N/A       1%          3
 Mephitic Cloud           Conj/Pois/Air  50%        N/A       1%          3
 Stone Arrow              Conj/Erth      86%        3d12      1%          3
 Flame Wave               Conj/Fire      58%        2d11      1%          4
 Fulminant Prism          Conj/Hex       21%        3d13      1%          4
 Pain                     Necr           44%        1d6       3%          1
 Blink                    Tloc           22%        N/A       4%          2
 Sublimation of Blood     Necr           11%        N/A       4%          2
 Wereblood                Tmut           11%        N/A       4%          2
 Cause Fear               Hex            5%         N/A       32%         4
 Petrify                  Tmut/Erth      11%        N/A       32%         4
 Freezing Cloud           Conj/Ice/Air   20%        6-21      1%          5
 Lightning Bolt           Conj/Air       26%        1d42      1%          5
 Starburst                Conj/Fire      29%        6d9       1%          6
 Agony                    Necr           11%        N/A       69%         5
 Excruciating Wounds      Necr           5%         N/A       69%         5
 Metabolic Englaciation   Hex/Ice        5%         N/A       69%         5
 Ignition                 Fire           24%        3d8       77%         8
 Lehudib's Crystal Spear  Conj/Erth      21%        10d6      90%         8
 Simulacrum               Ice/Necr       5%         N/A       99%         6
 Statue Form              Tmut/Erth      7%         N/A       99%         6
 Ozocubu's Refrigeration  Ice            5%         4d6       99%         7
 Maxwell's Capacitive Co  Air            16%        ∞         99%         8
 Dragon Form              Tmut           5%         N/A       100%        7
 Borgnjor's Revivificati  Necr           5%         N/A       100%        8
 Necromutation            Tmut/Necr      5%         N/A       100%        8
 Death's Door             Necr           5%         N/A       100%        9
 Dragon's Call            Summ           5%         N/A       100%        9
 Polar Vortex             Ice            5%         N/A       100%        9
 Animate Armour           Summ/Erth      Unusable   N/A       N/A         4

Dungeon Overview and Level Annotations

Branches:
Dungeon (15/15)            Temple (1/1) D:6            Lair (6/6) D:8
  Swamp (0/4) Lair:4       Spider (0/4) Lair:2        Slime (0/5) Lair:5
    Orc (2/2) D:10            Elf (0/3) Orc:2        Vaults (0/5) D:14
  IceCv (visited)
 Depths: D:15

Altars:
Ashenzari
Cheibriados
Dithmenos
Elyvilon
Fedhas
Gozag
Hepliaklqana
Kikubaaqudgha
Makhleb
Nemelex Xobeh
Okawaru
Qazlal
Ru
Sif Muna
Trog
Uskayaw
Vehumet
Wu Jian
Xom
Yredelemnul
Zin
The Shining One
Jiyva

Shops:
Orc:1 (   Orc:2 [*:*(

Annotations:
D:12 5 runed translucent doors
D:15 1 runed translucent door, Purphixowk's ghost, journeyman DsGl; Roxanne
Lair:3 1 runed translucent door, Swamplord's ghost, journeyman OgWz


Innate Abilities, Weirdness & Mutations

You can breathe wild blasts of lightning.
Your glossy black scales are hard. (AC +9)
You cannot fit into any form of body armour.
Your large and strong wings let you fly.
You are resistant to electric shocks. (rElec)
You are cold-blooded and may be slowed by cold attacks.
Potions are less effective at restoring your health.
Your spells are a little easier to cast, but a little less powerful.
You sometimes lose the ability to read scrolls when taking damage.
[You often lose your temper in combat.]
[Your body often deteriorates upon taking damage.]
[You frequently scream uncontrollably at your foes.]


Message History

You are poisoned.
The profane servitor hits you with a +3 demon whip of venom.
* * * LOW HITPOINT WARNING * * *
You partially resist.
You feel drained.
You feel sick.
The profane servitor burns!
The profane servitor hits you with a +3 demon whip of venom!
You feel threatened and lose the ability to read scrolls!
* * * LOW HITPOINT WARNING * * *
Your body deteriorates!
You feel clumsy.
The profane servitor draws strength from your injuries!
The profane servitor misses you.
Your system partially rejects the healing.
You feel much better.
You feel sick.
The profane servitor burns!
The profane servitor misses you.
The profane servitor hits you but does no damage.
You are more poisoned.
Your system partially rejects the healing.
You feel better.
The profane servitor burns!
The profane servitor hits you with a +3 demon whip of venom.
* * * LOW HITPOINT WARNING * * *
The profane servitor draws strength from your injuries!
The profane servitor hits you with a +3 demon whip of venom!
* * * LOW HITPOINT WARNING * * *
Your body deteriorates!
You feel clumsy.
The profane servitor hits you but does no damage.
The profane servitor barely misses you.
You cannot read scrolls in your current state!
Your system partially rejects the healing.
You feel much better.
The profane servitor burns!
The profane servitor hits you but does no damage.
The profane servitor barely misses you.
Okay, then.
The profane servitor burns!
The profane servitor stops burning.
The profane servitor hits you but does no damage.
The profane servitor completely misses you.
You cannot read scrolls in your current state!
Okay, then.
You fade into invisibility!
The profane servitor hits you with a +3 demon whip of venom!!
You die...

### #.##### #.
###..#..### ##
###..@A..#.# #.
.........#...##....
###.##.##.#...# # #
# #.....##.#.. . .
. ##...### .....≈ #
#. #..#.#. ....#.#≈
..#####.. .....≈ #
# . # # ... #### .
. .. ##..#.# .# ≈≈


You could see a profane servitor.

Vanquished Creatures
  A sphinx (D:13)
  A tentacled starspawn (Abyss:3)
  A frost giant (D:13)
  A deep elf sorcerer (Abyss:3)
  A stone giant (D:12)
  Nessos (Lair:4)
  An ettin (Orc:2)
  A fire dragon (Lair:6)
  A spriggan zombie (Abyss:2)
  2 ogre magi (Orc:2)
  5 vault guards (D:14)
  7 hydras
  2 boulder beetles
  5 centaur warriors
  13 two-headed ogres
  4 death yaks (Lair:6)
  2 large abominations (Abyss:3)
  A tengu warrior (D:14)
  An orc high priest (Orc:2)
  Sonja (D:10)
  2 deep trolls
  3 skeletal warriors
  A swamp dragon (Lair:6)
  A bog body (IceCv)
  A deep elf pyromancer (D:12)
  A glowing orange brain (Abyss:3)
  A deep elf archer (D:14)
  An orc knight (Orc:2)
  A deep elf zephyrmancer (D:9)
  A necromancer (IceCv)
  4 ugly things
  2 oklob plants
  3 orc sorcerers
  A wolf spider (D:15)
  A worldbinder (Abyss:3)
  6 manticores
  3 black mambas
  4 cyclopes
  3 centaur zombies (D:10)
  10 elephants (Lair:6)
  A smoke demon (Abyss:3)
  2 ice statues (IceCv)
  15 cane toads
  8 gargoyles
  An unseen horror (D:12)
  2 efreet
  A komodo dragon (shapeshifter) (D:12)
  15 komodo dragons
  A freezing wraith (IceCv)
  2 kobold demonologists
  6 rime drakes
  5 ice devils (IceCv)
  3 anaconda simulacra (IceCv)
  An ancient zyme (Abyss:3)
  A hellwing (Abyss:3)
  3 entropy weaver simulacra (IceCv)
  2 tengu conjurers (D:14)
  3 meliai (D:12)
  Grinder (D:6)
  Prince Ribbit (D:6)
  4 polar bears (Orc:1)
  18 blink frogs
  3 raiju (Abyss:3)
  15 trolls
  A hornet (D:8)
  A slime creature (D:12)
  11 dream sheep
  2 jumping spiders (Lair:2)
  2 flying skulls (Abyss:3)
  3 dire elephant simulacra (IceCv)
  35 yaks
  A ynoxinul (Abyss:2)
  6 wyverns
  A shadow (D:13)
  5 wraiths
  A vampire mosquito (D:10)
  7 basilisks
  3 small abominations (Abyss:3)
  3 neqoxecs (Abyss:3)
  4 steam dragons
  A redback (Lair:2)
  A death yak simulacrum (IceCv)
  3 wargs (Orc:2)
  A harpy simulacrum (IceCv)
  5 acid dragons
  17 water moccasins
  18 orc warriors
  A black bear (Lair:5)
  A necrophage (D:6)
  An ice beast (D:6)
  A sky beast (D:5)
  22 wolves
  25 ogres
  A boggart (shapeshifter) (D:13)
  8 centaurs
  4 kobold brigands
  3 scorpions
  A two-headed ogre simulacrum (IceCv)
  9 bullfrogs
  A water moccasin zombie (D:5)
  A gnoll sergeant (D:9)
  9 killer bees
  3 wights (D:6)
  3 electric eels (D:8)
  6 howler monkeys
  A quasit (Abyss:3)
  4 hounds
  17 orc priests
  A centaur skeleton (D:7)
  2 gnoll shamans
  4 iguanas
  A bullfrog skeleton (D:6)
  16 orc wizards
  2 polar bear simulacra (IceCv)
  A hound skeleton (D:5)
  A howler monkey zombie (D:8)
  3 adders
  13 gnolls
  A shadow imp (D:7)
  4 white imps
  2 ufetubi (IceCv)
  4 worms
  2 dart slugs
  60 orcs
  3 endoplasms
  2 giant cockroaches
  12 goblins
  6 hobgoblins
  7 jackals
  8 ball pythons
  3 frilled lizards
  13 kobolds
  10 rats
  2 starspawn tentacles (Abyss:3)
653 creatures vanquished.

Vanquished Creatures (others)
  A goblin (D:4)
  27 fulminant prisms
  58 fungi
  81 plants
  14 starspawn tentacles
181 creatures vanquished.

Grand Total: 834 creatures vanquished

Notes
Turn   | Place    | Note
-------+----------+-------------------------------------------
     0 | D:1      | raph the Draconian Conjurer began the quest for the Orb.
     0 | D:1      | Reached XP level 1. HP: 14/14 MP: 3/3
   278 | D:1      | Reached XP level 2. HP: 20/20 MP: 0/5
   365 | D:1      | Found a faded altar of an unknown god.
   406 | D:1      | Learned a level 2 spell: Searing Ray
  1291 | D:1      | Reached skill level 5 in Conjurations
  1429 | D:2      | Reached XP level 3. HP: 26/26 MP: 1/6
  1433 | D:2      | Learned a level 3 spell: Dazzling Flash
  2602 | D:3      | Reached XP level 4. HP: 33/33 MP: 5/7
  2636 | D:3      | Noticed a moth of wrath
  2639 | D:3      | Found a bloodstained altar of Trog.
  2969 | D:3      | Identified the +10 war axe of Diapon {speed, rElec}
  3170 | D:4      | Noticed an ogre
  4036 | D:4      | Learned a level 2 spell: Poisonous Vapours
  4103 | D:4      | Noticed a scorpion
  4109 | D:4      | Killed a scorpion
  4110 | D:4      | Reached skill level 6 in Conjurations
  4110 | D:4      | Reached XP level 5. HP: 39/39 MP: 3/9
  4411 | D:4      | Reached skill level 1 in Fighting
  4579 | D:4      | Noticed an ogre
  4608 | D:4      | Killed an ogre
  4609 | D:4      | Reached skill level 1 in Poison Magic
  4609 | D:4      | Reached XP level 6. HP: 26/47 MP: 1/10
  5581 | D:5      | Entered Level 5 of the Dungeon
  5771 | D:5      | Your scales start taking on a glossy black colour.
  5771 | D:5      | Reached XP level 7. HP: 55/55 MP: 6/12
  5771 | D:5      | Gained mutation: You are resistant to electric shocks.
                  | (rElec) [Black Draconian growth]
  5968 | D:5      | Reached skill level 7 in Conjurations
  7083 | D:6      | Found a white marble altar of Elyvilon.
  7305 | D:6      | Found a staircase to the Ecumenical Temple.
  7354 | D:6      | Reached XP level 8. HP: 63/63 MP: 8/14
  7411 | Temple   | Entered the Ecumenical Temple
  7520 | Temple   | Became a worshipper of Vehumet
  7730 | D:6      | Noticed Grinder
  7746 | D:6      | Paralysed by Grinder for 2 turns
  7754 | D:6      | Killed Grinder
  7755 | D:6      | Reached skill level 8 in Conjurations
  8048 | D:7      | Learned a level 4 spell: Fulminant Prism
  8060 | D:7      | Found an ancient bone altar of Kikubaaqudgha.
  8073 | D:7      | Noticed Prince Ribbit
  8112 | D:6      | Killed Prince Ribbit
  8620 | D:7      | Found a stormy altar of Qazlal.
  8797 | D:7      | Reached XP level 9. HP: 42/72 MP: 6/16
  8956 | D:7      | Reached skill level 5 in Spellcasting
  8956 | D:7      | Reached skill level 9 in Conjurations
  9109 | D:8      | Noticed a troll
  9449 | D:8      | Reached skill level 5 in Fighting
  9467 | D:8      | Reached * piety under Vehumet
  9467 | D:8      | Offered knowledge of Sandblast by Vehumet.
  9483 | D:8      | Learned a level 4 spell: Olgreb's Toxic Radiance
  9686 | D:7      | Killed a troll
  9836 | D:7      | Reached skill level 5 in Poison Magic
  9915 | D:8      | Reached skill level 5 in Dodging
 10055 | D:8      | Reached skill level 10 in Conjurations
 10055 | D:8      | Reached XP level 10. HP: 43/83 MP: 4/18
 10416 | D:8      | Found a blossoming altar of Fedhas.
 10492 | D:8      | Found a staircase to the Lair.
 11503 | D:9      | Learned a level 4 spell: Iskenderun's Mystic Blast
 11567 | D:9      | Found a shadowy altar of Dithmenos.
 11658 | D:9      | Offered knowledge of Shock by Vehumet.
 11778 | D:9      | Reached ** piety under Vehumet
 12183 | D:9      | Noticed a deep elf zephyrmancer
 12190 | D:9      | Killed a deep elf zephyrmancer
 12356 | D:9      | Noticed a cyclops
 12364 | D:9      | Killed a cyclops
 12531 | D:9      | Identified the ring "Tonubi Touhe" {rF+ rN+ Int+4 Dex-2}
 12646 | D:10     | Entered Level 10 of the Dungeon
 12663 | D:10     | Found a staircase to the Orcish Mines.
 12666 | D:10     | Found a sacrificial altar of Ru.
 12933 | D:10     | Reached skill level 11 in Conjurations
 13023 | D:10     | Noticed an eight-headed hydra
 13033 | D:10     | Noticed a two-headed ogre
 13050 | D:10     | Killed an eight-headed hydra
 13502 | D:10     | Reached XP level 11. HP: 90/92 MP: 8/21
 13783 | D:10     | Found a shimmering altar of Xom.
 13792 | D:10     | Noticed Sonja
 13802 | D:10     | Killed Sonja
 14471 | Lair:1   | Entered Level 1 of the Lair of Beasts
 15696 | Lair:1   | Reached skill level 12 in Conjurations
 15838 | Lair:1   | Offered knowledge of Inner Flame by Vehumet.
 16032 | Lair:1   | Got the Catalogue of Lightness and Flames
 16139 | Lair:1   | Learned a level 5 spell: Fireball
 16325 | Lair:2   | Noticed an eight-headed hydra
 16366 | Lair:2   | Killed an eight-headed hydra
 16599 | Lair:2   | Found a hole to the Spider Nest.
 16608 | Lair:2   | Reached skill level 1 in Fire Magic
 16677 | Lair:2   | Reached *** piety under Vehumet
 17438 | Lair:3   | Found a runed translucent door.
 17439 | Lair:3   | Noticed Swamplord's ghost (journeyman OgWz)
 17442 | Lair:3   | Identified the +7 trident "Inilar" {venom, *Corrode rPois
                  | Will+}
 17442 | Lair:3   | Noticed a spriggan rider
 17547 | Lair:3   | Reached XP level 12. HP: 103/103 MP: 21/23
 19032 | Lair:4   | Offered knowledge of Sticky Flame by Vehumet.
 19705 | Lair:4   | Noticed Nessos
 19711 | Lair:4   | Killed Nessos
 19712 | Lair:4   | Reached skill level 13 in Conjurations
 20049 | Lair:4   | Noticed a seven-headed hydra
 20074 | Lair:4   | Killed a seven-headed hydra
 20390 | Lair:4   | Noticed a five-headed hydra
 20399 | Lair:4   | Killed a five-headed hydra
 20583 | Lair:4   | Identified a scroll of acquirement
 20583 | Lair:4   | Acquired the Unrestrained Analects
 20818 | Lair:4   | Noticed a seven-headed hydra
 20846 | Lair:4   | Noticed a six-headed hydra
 20847 | Lair:4   | Killed a seven-headed hydra
 20850 | Lair:4   | Killed a six-headed hydra
 21122 | Lair:4   | Found a staircase to the Swamp.
 21220 | Lair:4   | Learned a level 4 spell: Sticky Flame
 21231 | Lair:4   | Reached **** piety under Vehumet
 21232 | Lair:4   | Reached skill level 5 in Stealth
 21735 | Lair:4   | Offered knowledge of Irradiate by Vehumet.
 21921 | Lair:5   | Noticed a boulder beetle
 21934 | Lair:5   | Killed a boulder beetle
 21935 | Lair:5   | Reached XP level 13. HP: 80/111 MP: 11/25
 22863 | Lair:5   | Identified the +7 trident "Tisuar" {vamp, Str+4}
 23390 | Lair:5   | Found a staircase to the Slime Pits.
 23390 | Lair:5   | Found a viscous altar of Jiyva.
 24194 | Lair:6   | Entered Level 6 of the Lair of Beasts
 24194 | Lair:6   | Found a gate leading to a gauntlet.
 24433 | Lair:6   | Reached skill level 14 in Conjurations
 24438 | Lair:6   | Reached skill level 5 in Fire Magic
 24703 | Lair:6   | Reached skill level 10 in Fighting
 25535 | Lair:6   | Found an iron altar of Okawaru.
 26602 | Lair:6   | Reached ***** piety under Vehumet
 26602 | Lair:6   | Offered knowledge of Yara's Violent Unravelling by Vehumet.
 27202 | Lair:6   | Noticed a fire dragon
 27342 | Lair:6   | Killed a fire dragon
 27979 | Lair:6   | Gained mutation: Your large and strong wings let you fly.
                  | [Black Draconian growth]
 27979 | Lair:6   | Reached XP level 14. HP: 39/122 MP: 10/27
 29099 | D:11     | Found a shimmering blue altar of Sif Muna.
 29147 | D:11     | Got Sif Muna's Grimoire of the Snowflakes
 30263 | Orc:1    | Entered Level 1 of the Orcish Mines
 30836 | Orc:1    | Found a frozen archway.
 30864 | Orc:1    | Reached skill level 15 in Conjurations
 30987 | IceCv    | Entered an ice cave
 32284 | Orc:1    | Found Fatixoac's Weapon Shop.
 32294 | Orc:1    | Offered knowledge of Airstrike by Vehumet.
 32300 | Orc:1    | Learned a level 4 spell: Airstrike
 32529 | Orc:2    | Entered Level 2 of the Orcish Mines
 33165 | Orc:2    | Reached skill level 1 in Air Magic
 33686 | Orc:2    | Found a staircase to the Elven Halls.
 33942 | Orc:2    | Found Jemuwuwk's Weapon Emporium.
 34102 | Orc:2    | Reached skill level 10 in Spellcasting
 35977 | Orc:2    | Reached XP level 15. HP: 86/130 MP: 11/29
 36221 | Orc:2    | Found Edduqigh's General Store.
 36222 | Orc:2    | Found Esucweca's Book Boutique.
 36228 | Orc:2    | Found Nicireik's Assorted Antiques.
 36229 | Orc:2    | Bought 2 scrolls of fear for 84 gold pieces
 36229 | Orc:2    | Bought a potion of heal wounds for 60 gold pieces
 36229 | Orc:2    | Bought a scroll of identify for 24 gold pieces
 36229 | Orc:2    | Bought a scroll of identify for 24 gold pieces
 36234 | Orc:2    | Found Nogitt's Antique Armour Shop.
 36237 | Orc:2    | Bought a scroll of identify for 72 gold pieces
 36237 | Orc:2    | Bought a scroll of magic mapping for 126 gold pieces
 36237 | Orc:2    | Bought a scroll of blinking for 270 gold pieces
 36243 | Orc:2    | Bought a spiked cloak for 351 gold pieces
 36243 | Orc:2    | Identified the +1 cloak "Obauzo" {rF+} (You bought it in a
                  | shop on level 2 of the Orcish Mines)
 36243 | Orc:2    | Bought a pair of embroidered boots for 277 gold pieces
 36243 | Orc:2    | Bought a pair of glowing boots for 277 gold pieces
 37609 | D:11     | Offered knowledge of Orb of Destruction by Vehumet.
 37821 | Orc:2    | Bought a scroll of amnesia for 42 gold pieces
 37830 | Orc:2    | Learned a level 7 spell: Orb of Destruction
 38130 | D:12     | Identified the +7 long sword "Wesuzab" {vorpal, Fragile
                  | rElec Int+2}
 38446 | D:12     | Found a runed translucent door.
 38447 | D:12     | Found a runed translucent door.
 38448 | D:12     | Found a runed translucent door.
 38460 | D:12     | Found a runed translucent door.
 38461 | D:12     | Found a runed translucent door.
 38781 | D:12     | Got Joreg's Hermeneutics Continued
 38800 | D:12     | Reached skill level 10 in Dodging
 39763 | D:13     | Noticed a frost giant
 40328 | D:13     | Noticed a sphinx
 40334 | D:13     | Killed a sphinx
 40524 | D:13     | Reached skill level 1 in Axes
 40565 | D:13     | Killed a frost giant
 40741 | D:13     | Identified the +6 glaive of Checkmate {holy, rElec}
 42235 | D:14     | Reached skill level 5 in Air Magic
 42903 | D:14     | Found a gate to the Vaults.
 44145 | D:15     | Entered Level 15 of the Dungeon
 44286 | D:15     | Found a runed translucent door.
 44291 | D:15     | Noticed Purphixowk's ghost (journeyman DsGl)
 44312 | D:15     | Identified Roxanne's Reference Book on Earth
 44312 | D:15     | Noticed Roxanne
 44489 | D:15     | Cast into level 2 of the Abyss (a wizard)
 44500 | Abyss:2  | Noticed a tentacled monstrosity
 44588 | Abyss:2  | Gained mutation: Your spells are a little easier to cast,
                  | but a little less powerful. [a neqoxec]
 44801 | Abyss:2  | Noticed a tentacled starspawn
 44850 | Abyss:3  | Found a corrupted altar of Lugonu.
 44914 | Abyss:3  | Found a corrupted altar of Lugonu.
 44942 | Abyss:3  | Gained mutation: Potions are less effective at restoring
                  | your health. [a neqoxec]
 44943 | Abyss:3  | Gained mutation: You sometimes lose the ability to read
                  | scrolls when taking damage. [a neqoxec]
 44998 | Abyss:3  | Noticed a lich
 45118 | Abyss:3  | Noticed a tentacled starspawn
 45154 | Abyss:3  | Noticed a tentacled starspawn
 45182 | Abyss:3  | Found a corrupted altar of Lugonu.
 45334 | Abyss:3  | Noticed a deep elf sorcerer
 45337 | Abyss:3  | Killed a deep elf sorcerer
 45340 | Abyss:3  | Noticed a tentacled starspawn
 45349 | Abyss:3  | Killed a tentacled starspawn
 45552 | Abyss:3  | Noticed a bone dragon
 45562 | Abyss:3  | Noticed a bone dragon
 45569 | Abyss:3  | Found a corrupted altar of Lugonu.
 45646 | Abyss:3  | Noticed a profane servitor
 45653 | Abyss:3  | HP: 3/129 [profane servitor/+3 demon whip of venom (13)]
 45656 | Abyss:3  | Slain by a profane servitor

Illustrated notes

Levels and vault maps discovered:
D:1:      shiori_arrival_maze, layout_loops_ring,
          shapermc_ecumenical_altar_starsandcircs, minmay_close_crescents
D:2:      layout_loops_ring
D:3:      layout_basic, tgw_trog
D:4:      layout_basic
D:5:      layout_loops_corners
D:6:      layout_loops_cross, nicolae_elyvilon_peaceful_grove,
          minmay_temple_entry_gardened_gates, uniq_grinder
D:7:      layout_rooms, nicolae_qazlal_eye_of_the_storm, lemuel_crystal_altar,
          uniq_prince_ribbit1
D:8:      layout_rooms, fedhas_altar_3, erik_lair_island, bh_walls_and_bars
D:9:      layout_stronghold, nicolae_dithmenos_through_a_glass_darkly,
          guppyfry_early_elven_hall
D:10:     kennysheep_blocky_room, layout_stronghold, nicolae_ru_path_of_blood,
          old_standard_altar, enter_bailey_5, grunt_decor_junction, uniq_sonja
D:11:     layout_loops_ring, nicolae_sif_muna_little_library
D:12:     minmay_the_grid_four_pointed_star [minmay_the_grid_triangle_9x9_steps,
          minmay_the_grid_triangle_9x9_tough_junction,
          minmay_the_grid_triangle_9x9_fully_insulated_deathbox,
          minmay_the_grid_triangle_9x9_negative_grid,
          minmay_the_grid_prize_inner_circle], layout_irregular_city, eino_jars
D:13:     layout_roguey, minmay_radiant
D:14:     layout_basic, grunt_vaults_entry_fortified, minmay_tree_intersection
D:15:     grunt_enter_depths_magical_seal, layout_cave_pods,
          ebering_ghost_reflecting_pool, nicolae_shop_sticking_my_neck_out,
          uniq_roxanne
Temple:   nicolae_temple_great_sept
Lair:1:   layout_regular_city, serial_bayou_shore_b
Lair:2:   layout_hall_layers, spider_nest_entry_a, st_stairs_7,
          lemuel_old_faithful
Lair:3:   layout_regular_city, ebering_ghost_funeral_grove, grunt_megastairs_5,
          infiniplex_staircase_pool
Lair:4:   layout_cave_pods, palyth_hydra_swamp_entry, grunt_megastairs_3,
          uniq_nessos
Lair:5:   layout_gridlike, slime_altar_1, grunt_megastairs_2
Lair:6:   guppyfry_lair_end_dragon, layout_hall_layers, gauntlet_entry_generic,
          grunt_forest_stairs_basic, lemuel_oklob_altar, serial_bayou_shore_b
Orc:1:    layout_caves, serial_shops, shop_statue,
          portal_ice_cave_entry_animals_and_master
Orc:2:    st_orc_open, layout_diamond_mine, serial_shops,
          nicolae_shop_bloodbath_and_beyond
Abyss:3:  base: Orc:2, hangedman_abyss_sting, minivault_24,
          hangedman_abyss_shoalhut,
          evilmike_nicolae_abyss_rune_betentacled_crabyss,
          grunt_abyss_rune_wretched_hive, nicolae_abyss_rune_left_handed

Skill      XL: |  1  2  3  4  5  6  7  8  9 10 11 12 13 14 15 |
---------------+----------------------------------------------+-----
Conjurations   | 5 6 7 8 10 11 12 13 14 15 | 15.7
Dodging        | 2 3 4 5 6 7 8 9 10 | 10.3
Spellcasting   | 3 4 5 6 7 8 9 10 | 10.7
Fighting       | 1 2 3 4 5 7 8 9 10 11 12 | 12.1
Poison Magic   | 1 2 3 4 5 6 7 |  7.4
Stealth        | 3 5 6 7 8 |  8.3
Fire Magic     | 1 4 6 8 9 |  9.2
Air Magic      | 3 5 |  5.4
Axes           | 3 |  3.7

Action                   |  1- 3 |  4- 6 |  7- 9 | 10-12 | 13-15 || total
-------------------------+-------+-------+-------+-------+-------++-------
Melee: Dagger            |     1 |       |       |       |       ||     1
       Rapier            |     1 |       |       |       |       ||     1
       Staff             |       |     5 |     8 |    40 |   110 ||   163
       War axe           |       |     1 |    16 |    20 |   200 ||   237
       Tailslap          |       |       |     4 |     6 |    67 ||    77
       Punch             |       |       |       |     2 |     9 ||    11
 Cast: Magic Dart        |    56 |    19 |    48 |    34 |    21 ||   178
       Searing Ray       |     9 |    25 |    39 |   100 |    25 ||   198
       Dazzling Flash    |       |     3 |     9 |     2 |       ||    14
       Poisonous Vapours |       |       |    10 |       |       ||    10
       Olgreb's Toxic Ra |       |       |     6 |    58 |    77 ||   141
       Iskenderun's Myst |       |       |       |    37 |    99 ||   136
       Fireball          |       |       |       |    15 |   227 ||   242
       Fulminant Prism   |       |       |       |     6 |    21 ||    27
       Sticky Flame      |       |       |       |     2 |    76 ||    78
       Airstrike         |       |       |       |       |    44 ||    44
       Orb of Destructio |       |       |       |       |    25 ||    25
 Abil: Breathe Lightning |       |       |       |       |     1 ||     1
Evoke: Wand              |       |     1 |     3 |     4 |     9 ||    17
  Use: Scroll            |     4 |     2 |     3 |    12 |    20 ||    41
       Potion            |       |       |       |     1 |    11 ||    12
 Stab: Sleeping          |       |     1 |       |       |     5 ||     6
       Distracted        |       |       |       |       |     2 ||     2
Armor: Skin              |     4 |     5 |    22 |    89 |   236 ||   356
Dodge: Dodged            |     9 |    35 |    94 |   310 |   462 ||   910
